 Dungeon Crawl Stone Soup version 0.30-a0-1035-g38d5fb2972 (webtiles) character file.

Game seed: 2944584707258689559

2143 NateTC the Cleaver (level 9, -2/82 HPs)
             Began as a Hill Orc Fighter on Apr 9, 2023.
             Was a Follower of Beogh.
             Slain by a two-headed ogre
             ... wielding a +0 giant club
              (6 damage)
             ... on level 8 of the Dungeon.
             The game lasted 00:10:06 (7330 turns).

NateTC the Cleaver (Hill Orc Fighter)               Turns: 7330, Time: 00:10:06

Health: -2/82      AC:  9    Str: 27    XL:     9   Next: 30%
Magic:  0/9        EV:  9    Int:  8    God:    Beogh [*.....]
Gold:   394        SH:  5    Dex:  6    Spells: 8/8 levels left

rFire   . . .      SeeInvis .    z - +1 broad axe (elec)
rCold   . . .      Faith    .    c - +1 buckler
rNeg    + + +      Spirit   +    b - +0 scale mail
rPois   .          Reflect  .    (no helmet)
rElec   .          Rampage  .    (no cloak)
rCorr   .                        x - -1 pair of gloves of Honour {rN++}
Will    .....                    t - +0 pair of boots of the Trout {Str+4 Dex-4} Stlth
                                 i - amulet of guardian spirit
HPRegen 0.33/turn                o - ring of positive energy
MPRegen 0.11/turn                (no ring)

@: mighty
A: no striking features
a: Renounce Religion


You were on level 8 of the Dungeon.
You worshipped Beogh.
Beogh was aware of your devotion.
You visited 2 branches of the dungeon, and saw 9 of its levels.

You collected 394 gold pieces.

Inventory:

Hand Weapons
 z - a +1 broad axe of electrocution (weapon)
Armour
 b - a +0 scale mail (worn)
 c - a +1 buckler (worn)
 t - the +0 pair of boots of the Trout (worn) {Str+4 Dex-4}
   (You found it on level 3 of the Dungeon)

   Str:       It affects your strength (+4).
   Dex:       It affects your dexterity (-4).
 x - the -1 pair of gloves of Honour (worn) {rN++}
   (You found it on level 5 of the Dungeon)

   rN:        It greatly protects you from negative energy.
Jewellery
 i - an amulet of guardian spirit (around neck)
 o - a ring of positive energy (left hand)
 w - a +6 ring of dexterity
Wands
 n - a wand of paralysis (6)
Scrolls
 a - a scroll of enchant armour
 f - 3 scrolls of fear
 g - a scroll of blinking
 j - a scroll of teleportation
 l - 2 scrolls of amnesia
 r - a scroll of brand weapon
 u - 2 scrolls of identify
 v - a scroll of fog
Potions
 d - 2 potions of might
 e - 3 potions of degeneration
 h - 4 potions of curing
 k - 2 potions of flight
 m - a potion of mutation
 p - 4 potions of attraction
 q - 2 potions of lignification
 s - a potion of resistance
 A - a potion of invisibility


   Skills:
 * Level 8.8 Fighting
 * Level 9.2 Axes
 - Level 6.5 Armour
 - Level 6.5 Shields


You had 8 spell levels left.
You didn't know any spells.
Your spell library contained the following spells:

 Spells                   Type           Power      Damage    Failure   Level
 Magic Dart               Conj           0%         1d3       75%         1
 Summon Small Mammal      Summ           0%         N/A       75%         1
 Call Imp                 Summ           0%         N/A       86%         2
 Ensorcelled Hibernation  Hex/Ice        0%         N/A       86%         2
 Passwall                 Tmut/Erth      0%         N/A       86%         2
 Call Canine Familiar     Summ           0%         N/A       98%         3
 Mephitic Cloud           Conj/Pois/Air  0%         N/A       98%         3
 Spider Form              Tmut/Pois      0%         N/A       98%         3
 Summon Guardian Golem    Hex/Summ       0%         N/A       98%         3
 Swiftness                Air            0%         N/A       98%         3
 Olgreb's Toxic Radiance  Pois           0%         N/A       100%        4
 Alistair's Intoxication  Tmut/Pois      0%         N/A       100%        5
 Discord                  Hex            0%         N/A       100%        8


Dungeon Overview and Level Annotations

Branches:
Dungeon (8/15) Zot: 25498  Temple (1/1) D:4 Zot: 5943
   Lair: D:8-11

Altars:
Cheibriados
Dithmenos
Elyvilon
Fedhas
Gozag
Hepliaklqana
Nemelex Xobeh
Okawaru
Qazlal
Ru
Sif Muna
Trog
Uskayaw
Wu Jian
Xom
Zin
The Shining One

Shops:
D:5 [=:((

Annotations:
D:5 1 runed translucent door, Crazy Yiuf


Message History

No target in view!
Key pressed, stopping explore.
No target in view!
You enter the shallow water.
Moving in this stuff is going to be slow.
You enter the shallow water.
Moving in this stuff is going to be slow.
You pick up a book of Burglary and begin reading...
You add the spells Passwall, Ensorcelled Hibernation and Swiftness to your library.
No target in view!
A two-headed ogre comes into view. It is wielding two +0 giant clubs.
Found a scroll of enchant weapon and a quarterstaff.
The two-headed ogre shouts in stereo!
The two-headed ogre hits you with a +0 giant club!!
The two-headed ogre hits you with a +0 giant club!
A two-headed ogre is nearby!
You slash the two-headed ogre!
The two-headed ogre is moderately wounded.
The two-headed ogre hits you with a +0 giant club!
The two-headed ogre hits you with a +0 giant club!!
* * * LOW HITPOINT WARNING * * *
A two-headed ogre is nearby!
You are too injured to fight recklessly!
A two-headed ogre is nearby!
You are too injured to fight recklessly!
A two-headed ogre is nearby!
You are too injured to fight recklessly!
You feel much better.
You feel very mighty all of a sudden.
The two-headed ogre hits you with a +0 giant club. x2
* * * LOW HITPOINT WARNING * * *
You closely miss the two-headed ogre.
The two-headed ogre is lightly wounded.
The two-headed ogre hits you with a +0 giant club!!
* * * LOW HITPOINT WARNING * * *
The two-headed ogre misses you.
You slash the two-headed ogre!
The two-headed ogre is moderately wounded.
The two-headed ogre hits you with a +0 giant club.
You die...

########. #. #. ##
###### #~~~~###
##########~≈≈~~~###
.?..$.....~≈≈≈≈~~~####
#......@#.#~~≈≈≈≈~~~~###
#......O#.##~~~≈≈≈≈≈~~~~
#......)#.####~~~≈≈≈≈≈≈≈
#.......#.......~~~~≈≈≈≈
#.......#######.#..~~~~~
..?...... ......#####
######... .##..... ....
....... ......


You could see a two-headed ogre.

Vanquished Creatures
  A wyvern (D:8)
  A wraith (D:5)
  A yak (D:5)
  Menkaure (D:7)
  3 centaurs (D:7)
  2 phantoms (D:6)
  A kobold brigand (D:6)
  3 bullfrogs (D:7)
  A gnoll sergeant (D:8)
  3 scorpions
  2 wights (D:7)
  An orc priest (D:8)
  A gnoll bouda (D:7)
  3 hounds
  A jelly (D:4)
  5 iguanas
  An orc wizard (D:7)
  A sleepcap (D:5)
  7 gnolls
  8 adders
  A shadow imp (D:7)
  2 white imps
  An ufetubus (D:5)
  2 worms (D:3)
  A dart slug (D:2)
  19 orcs
  3 ball pythons
  7 endoplasms
  3 giant cockroaches
  7 goblins
  7 hobgoblins
  2 jackals (D:1)
  8 kobolds
  2 quokkas
  5 bats
  2 frilled lizards
  3 rats
122 creatures vanquished.

Vanquished Creatures (others)
  An iguana (D:5)
  2 orcs (D:5)
  4 fungi (D:5)
  7 plants
14 creatures vanquished.

Grand Total: 136 creatures vanquished

Notes
Turn   | Place    | Note
-------+----------+-------------------------------------------
     0 | D:1      | NateTC the Hill Orc Fighter began the quest for the Orb.
     0 | D:1      | Reached XP level 1. HP: 19/19 MP: 1/1
    61 | D:1      | Reached skill level 3 in Axes
   117 | D:1      | Reached XP level 2. HP: 27/27 MP: 2/2
   910 | D:2      | Reached XP level 3. HP: 28/34 MP: 3/3
   935 | D:2      | Found a white marble altar of Elyvilon.
  1119 | D:2      | Reached skill level 4 in Axes
  1427 | D:3      | Found a shimmering altar of Xom.
  1691 | D:3      | Reached XP level 4. HP: 41/41 MP: 4/4
  1786 | D:3      | Identified the +0 pair of boots of the Trout {Str+4 Dex-4}
  1902 | D:3      | Found an iron altar of Okawaru.
  1909 | D:3      | Reached skill level 5 in Fighting
  2476 | D:4      | Reached skill level 5 in Axes
  2476 | D:4      | Reached XP level 5. HP: 8/48 MP: 1/5
  3192 | D:4      | Found a staircase to the Ecumenical Temple.
  3447 | Temple   | Entered the Ecumenical Temple
  3549 | D:5      | Entered Level 5 of the Dungeon
  3560 | D:5      | Reached skill level 6 in Axes
  3560 | D:5      | Reached XP level 6. HP: 27/58 MP: 4/6
  3737 | D:5      | Found Ahouklid's Antique Weapon Boutique.
  3782 | D:5      | Became a worshipper of Beogh the Brigand
  3786 | D:5      | Found a sacrificial altar of Ru.
  4062 | D:5      | Found Nianof's Book Shop.
  4077 | D:5      | Found Rahan's Armour Shoppe.
  4107 | D:5      | Got the Exposition on Toxicity and Bewitchment
  4221 | D:5      | Found Pavaubeng's Weapon Shop.
  4226 | D:5      | Identified the -1 pair of gloves of Honour {rN++}
  4345 | D:5      | Found a faded altar of an unknown god.
  4345 | D:5      | Found a hazy altar of Hepliaklqana.
  4347 | D:5      | Found a faded altar of an unknown god.
  4373 | D:5      | Reached XP level 7. HP: 64/64 MP: 5/7
  4426 | D:5      | Found Ybivox's Jewellery Shop.
  4471 | D:5      | Noticed a yak
  4476 | D:5      | Noticed a wraith
  4480 | D:5      | Killed a yak
  4499 | D:5      | HP: 3/64 [wraith (1)]
  4510 | D:5      | Killed a wraith
  4511 | D:5      | Reached skill level 5 in Armour
  4511 | D:5      | Reached skill level 5 in Shields
  4732 | D:5      | Found a runed translucent door.
  4733 | D:5      | Noticed Crazy Yiuf
  4884 | D:6      | Reached XP level 8. HP: 67/71 MP: 6/8
  5189 | D:6      | Found a sparkling altar of Nemelex Xobeh.
  5817 | D:7      | Found a shadowy altar of Dithmenos.
  5848 | D:7      | Reached skill level 7 in Axes
  6266 | D:7      | Noticed Menkaure
  6272 | D:7      | Killed Menkaure
  6273 | D:7      | Reached skill level 8 in Axes
  6273 | D:7      | Reached XP level 9. HP: 67/81 MP: 6/9
  6621 | D:7      | Found a hide-covered altar of Uskayaw.
  6764 | D:8      | Identified the +4 rapier "Jusuik" {freeze, rElec rF- Int+6}
  6767 | D:8      | Reached * piety under Beogh
  6846 | D:8      | Reached skill level 9 in Axes
  7324 | D:8      | Noticed a two-headed ogre
  7329 | D:8      | HP: 4/82 [two-headed ogre/+0 giant club (19)]
  7330 | D:8      | Slain by a two-headed ogre

Illustrated notes

Levels and vault maps discovered:
D:1:      dpeg_arrival_round_a, layout_loops_ring, st_stairs_1
D:2:      layout_rooms, basic_altar
D:3:      layout_basic, mainiacjoe_overflow_concentric_impassable,
          okawaru_ov_weapons_minmay
D:4:      layout_basic, minmay_temple_entry_fiery, guppyfry_early_lair_pool
D:5:      layout_cave_pools, nicolae_hepliaklqana_ecumenical_no_more,
          kennysheep_mini_moat, serial_shops, nicolae_shop_behind_doors,
          nicolae_stop_n_shop_1, nicolae_lakefront_shop,
          nicolae_shop_bloodbath_and_beyond, shop, dk_noncrumbling_2,
          hangedman_decor_peaks_small, minmay_small_thing,
          uniq_crazy_yiuf_cottage
D:6:      layout_basic, overflow_temple_1_default
D:7:      layout_rooms, mainiacjoe_overflow_alcove_4, mainiacjoe_overflow_paths,
          minmay_fractal_squares_gapless_5, uniq_menkaure
D:8:      wander_river, layout_basic, amethyst_overflow_temple_binary
Temple:   nicolae_temple_ecumenical_triangle

Skill      XL: |  1  2  3  4  5  6  7  8  9 |
---------------+----------------------------+-----
Axes           | 3 4 5 6 8 9 |  9.2
Fighting       | 4 5 6 8 |  8.8
Armour         | 4 5 6 |  6.5
Shields        | 4 5 6 |  6.5

Action                     |  1- 3 |  4- 6 |  7- 9 || total
---------------------------+-------+-------+-------++-------
  Melee: War axe           |   123 |   145 |    89 ||   357
         Broad axe         |       |       |   120 ||   120
 Invoke: Convert to Beogh  |       |     1 |       ||     1
    Use: Scroll            |       |    12 |    11 ||    23
         Potion            |       |     2 |     5 ||     7
 Armour: Scale mail        |    54 |    78 |    98 ||   230
  Dodge: Dodged            |    48 |    72 |   110 ||   230
  Block: Buckler           |    33 |    36 |    74 ||   143

Table legend: (Time is in decaauts)
 A = Elapsed time spent in this place.
 B = Non-inter-level travel time spent in this place.
 C = Inter-level travel time spent in this place.
 D = Time resting spent in this place.
 E = Time spent auto-exploring this place.
 F = Levels seen in this place.
 G = Mean time per level.
                   A        B        C        D        E       F      G
               +--------+--------+--------+--------+--------+-----+--------+
         Total |   7526 |   7134 |    392 |   1231 |   4594 |   9 |  836.2 |
       Dungeon |   7470 |   7084 |    386 |   1231 |   4559 |   8 |  933.8 |
        Temple |     56 |     50 |      6 |      0 |     35 |   1 |   56.0 |
               +--------+--------+--------+--------+--------+-----+--------+

Top non-repeatable levels by time:
     D:5: 1271 daAuts
     D:4: 1150 daAuts
     D:3: 1034 daAuts
     D:7: 971 daAuts
     D:1: 883 daAuts
     D:6: 866 daAuts
     D:8: 800 daAuts
     D:2: 492 daAuts
  Temple: 56 daAuts
